 Dungeon Crawl Stone Soup version 0.14-a0-736-g2a71271 (webtiles) character file.

1511 JacquesDerrida the Frost Mage (level 8, -1/52 HPs)
             Began as a Demonspawn Ice Elementalist on Nov 7, 2013.
             Slain by a mummy (3 damage)
             ... in an ossuary.
             The game lasted 00:20:23 (4757 turns).

JacquesDerrida the Frost Mage (DsIE)                Turns: 4757, Time: 00:20:24

HP  -1/52        AC  4     Str 10      XL: 8   Next: 15%
MP  14/14        EV 12     Int 16      God:
Gold 364         SH  0     Dex 18      Spells:  3 memorised,  5 levels left

Res.Fire  : . . .   See Invis. : .   E - +6,+8 long sword "Wuyjel" {drain, Dex+3}
Res.Cold  : . . .   Warding    : .   a - +0 robe
Life Prot.: + . .   Conserve   : .   (no shield)
Res.Poison: .       Res.Corr.  : .   (no helmet)
Res.Elec. : .       Clarity    : .   (no cloak)
Sust.Abil.: . .     Spirit.Shd : .   (no gloves)
Res.Mut.  : .       Stasis     : .   p - +0 pair of orc boots (curse)
Res.Rott. : .       Flight     : .   (no amulet)
Saprovore : . . .                    (no ring)
                                     l - cursed ring of positive energy

@: slightly resistant to hostile enchantments, fairly stealthy
A: AC +1
a: no special abilities


You were in an ossuary.
You were not hungry.

You visited 1 branch of the dungeon, and saw 6 of its levels.
You also visited: Ossuary.

You collected 364 gold pieces.

Inventory:

Hand weapons
 u - a +1,+1 orcish dagger of flaming
 x - a +2,+1 dagger of venom
 E - the cursed +6,+8 long sword "Wuyjel" (weapon) {drain, Dex+3}
   (You found it on level 5 of the Dungeon)

   A truly terrible weapon, it drains the life of those it strikes.
   It affects your dexterity (+3).
   It has a curse placed upon it.
 H - a cursed +1,+0 spear of venom
Missiles
 d - 7 curare-tipped needles
Armour
 a - a +0 robe (worn)
 f - a +1 buckler
 p - a cursed +0 pair of orcish boots (worn)
Comestibles
 c - 3 bread rations
Scrolls
 e - a scroll of fog {unknown}
 h - 2 scrolls of recharging {unknown}
 k - 5 scrolls of identify
 n - a scroll of noise
 q - a scroll of curse armour {unknown}
 t - a scroll of magic mapping {unknown}
 w - a scroll of curse weapon {unknown}
 y - 3 scrolls of teleportation {unknown}
 A - 2 scrolls of remove curse
 D - a scroll of fear
 F - 2 scrolls of enchant armour {unknown}
 G - a scroll of immolation {unknown}
Jewellery
 l - a cursed ring of positive energy (left hand)
Potions
 g - 3 potions of restore abilities
 j - a potion of confusion
 o - a potion of poison {unknown}
 r - 3 potions of magic
 s - a potion of cure mutation {unknown}
 v - a potion of resistance
 z - a potion of brilliance
Books
 b - a book of Frost

   Spells                             Type                      Level
   *Freeze                            Ice                          1
   *Throw Frost                       Conjuration/Ice              2
   *Ozocubu's Armour                  Charms/Ice                   3
   Throw Icicle                       Conjuration/Ice              4
   Summon Ice Beast                   Ice/Summoning                4
   Condensation Shield                Ice                          4
 i - a book of Power

   Spells                             Type                      Level
   Iskenderun's Mystic Blast          Conjuration                  4
   Venom Bolt                         Conjuration/Poison           5
   Bolt of Magma                      Conjuration/Fire/Earth       5
   Fulminant Prism                    Conjuration/Hexes            5
   Iron Shot                          Conjuration/Earth            6
   Orb of Destruction                 Conjuration                  7
 I - a book of Spatial Translocations

   Spells                             Type                      Level
   Apportation                        Translocation                1
   Portal Projectile                  Translocation                2
   Blink                              Translocation                2
   Shroud of Golubria                 Charms/Translocation         2
   Teleport Other                     Translocation                3
   Passage of Golubria                Translocation                4


   Skills:
 - Level 1.7 Dodging
 - Level 1.7 Stealth
 - Level 2.0 Spellcasting
 - Level 2.0 Conjurations
 + Level 9.0 Ice Magic


You had 5 spell levels left.
You knew the following spells:

 Your Spells              Type           Power        Failure   Level  Hunger
a - Freeze                Ice            ####         1%          1    #......
b - Ozocubu's Armour      Chrm/Ice       ###.......   12%         3    ####...
c - Throw Frost           Conj/Ice       ###...       3%          2    ###....


Dungeon Overview and Level Annotations

Branches:
Dungeon (6/27)
 Temple: D:4-7          Orc: D:6-11

Altars:
Elyvilon
Xom

Annotations:
D:6 patman's ghost, average FoHu


Innate Abilities, Weirdness & Mutations

You are partially covered in molten scales (AC +1).


Message History

Your icy armour starts to melt.
You start resting.
A mummy opens the door.
A mummy is nearby!
There is an empty arch of ancient stone here.
You catch the helpless mummy momentarily off-guard.
You hit the mummy.
The mummy is lightly damaged.
Your icy armour evaporates.
The mummy hits you!
* * * LOW HITPOINT WARNING * * *
You hit the mummy.
The mummy is moderately damaged.
The mummy closely misses you.
Drink which item? (? for menu, Esc to quit)
Okay, then.
You slash the mummy!
The mummy is severely damaged.
The mummy hits you.
You die...

'. #z 'Z
#M +.
###.#####
#.'.#..∩#
#.M.∩.#
#.'.#@..#
###.#####
'. ##' #.
##


You could see a mummy.

Vanquished Creatures
  A hippogriff (D:4)
  A sky beast (D:5)
  A giant frog (D:6)
  A centaur zombie (Ossuary)
  2 crimson imps
  2 orc priests
  A gnoll shaman (D:5)
  A scorpion (D:5)
  A jelly (D:5)
  2 orc wizards
  A worker ant (D:5)
  Ijyb (D:2)
  4 mummies (Ossuary)
  7 adders
  13 gnolls
  An inept feature mimic (D:6)
  A giant mite (D:5)
  4 worms
  An iguana skeleton (D:5)
  2 oozes
  11 orcs
  2 ball pythons
  10 bats
  16 goblins
  10 hobgoblins
  2 jackals (D:3)
  3 quokkas
  4 giant cockroaches
  2 giant geckos
  A giant gecko skeleton (D:4)
  8 giant newts
  A giant spore (D:6)
  2 goblin skeletons
  A hobgoblin zombie (Ossuary)
  11 kobolds
  An orc zombie (Ossuary)
  A quokka skeleton (D:5)
  3 quokka zombies
  6 rats
  3 ballistomycetes (D:6)
146 creatures vanquished.

Vanquished Creatures (others)
  A giant gecko (D:4)
  A hobgoblin (D:6)
  A kobold (D:4)
  A quokka (D:4)
  A rat (D:4)
  2 butterflies (D:4)
7 creatures vanquished.

Grand Total: 153 creatures vanquished

Notes
Turn   | Place    | Note
--------------------------------------------------------------
     0 | D:1      | JacquesDerrida, the Demonspawn Ice Elementalist, began the quest for the Orb.
     0 | D:1      | Reached XP level 1. HP: 13/13 MP: 3/3
    33 | D:1      | Reached skill level 3 in Ice Magic
   137 | D:1      | Gained mutation: You are partially covered in molten scales (AC +1). [demonic ancestry]
   137 | D:1      | Reached XP level 2. HP: 14/19 MP: 0/4
   680 | D:2      | Reached XP level 3. HP: 11/24 MP: 0/5
   786 | D:2      | Reached skill level 4 in Ice Magic
  1244 | D:2      | Reached XP level 4. HP: 23/30 MP: 0/7
  1436 | D:2      | Noticed Ijyb
  1451 | D:2      | Killed Ijyb
  1757 | D:3      | Reached skill level 5 in Ice Magic
  1773 | D:3      | Learned a level 3 spell: Ozocubu's Armour
  2351 | D:4      | Reached XP level 5. HP: 35/35 MP: 2/8
  2575 | D:4      | Noticed a hippogriff
  2625 | D:4      | Killed a hippogriff
  2625 | D:4      | Reached skill level 6 in Ice Magic
  2625 | D:4      | Reached XP level 6. HP: 30/41 MP: 6/11
  2657 | D:4      | Found a shimmering altar of Xom.
  2866 | D:4      | Found a white marble altar of Elyvilon.
  2948 | D:5      | Entered Level 5 of the Dungeon
  3000 | D:5      | Learned a level 2 spell: Throw Frost
  3264 | D:5      | Got a brightly glowing long sword
  3265 | D:5      | Identified the +6,+8 long sword "Wuyjel" {drain, Dex+3} (You found it on level 5 of the Dungeon)
  3338 | D:5      | Reached skill level 7 in Ice Magic
  3338 | D:5      | Reached XP level 7. HP: 39/46 MP: 4/12
  3942 | D:6      | Reached skill level 8 in Ice Magic
  4018 | D:6      | Noticed patman's ghost (average FoHu)
  4271 | D:6      | Reached XP level 8. HP: 30/52 MP: 4/14
  4574 | D:6      | Found a sand-covered staircase.
  4596 | Ossuary  | Entered an ossuary
  4729 | Ossuary  | Reached skill level 9 in Ice Magic
  4755 | Ossuary  | HP: 2/52 [mummy (17)]
  4757 | Ossuary  | Slain by a mummy

Action                   |  1- 3 |  4- 6 |  7- 9 || total
-------------------------+-------+-------+-------++-------
Melee: Unarmed           |    29 |       |       ||    29
       Dagger            |     1 |    42 |       ||    43
       Long sword        |       |     7 |    86 ||    93
 Cast: Freeze            |    64 |   100 |    60 ||   224
       Ozocubu's Armour  |       |     3 |     7 ||    10
       Throw Frost       |       |     2 |       ||     2
  Use: Potion            |       |     6 |     3 ||     9
       Scroll            |       |     6 |       ||     6
 Stab: Distracted        |       |     1 |     1 ||     2
       Sleeping          |       |     2 |     1 ||     3
